 Dungeon Crawl Stone Soup version 0.31-a0-934-gf4fcaacff8 (webtiles) character file.

Game seed: 5834812426379091875

66 IndexError the Ruffian (level 3, 0/33 HPs)
             Began as a Troll Shapeshifter on Oct 20, 2023.
             Splashed by a jelly's acid (8 damage)
             ... on level 1 of the Dungeon.
             The game lasted 00:00:59 (708 turns).

IndexError the Ruffian (Troll Shapeshifter)          Turns: 708, Time: 00:00:59

Health: 0/33       AC: -4    Str: 22    XL:     3   Next: 96%
Magic:  2/2        EV:  9    Int:  8    God:
Gold:   13         SH:  0    Dex:  9    Spells: 2/2 levels left

rFire   . .          .
                       - Unarmed
rCold   . . .        (no shield)
rNeg    . . .        a - +0 animal skin
rPois   .            (helmet currently unavailable)
rElec   .            (cloak currently unavailable)
rCorr   .            (gloves unavailable)
SInv    .            (boots unavailable)
Will    .....        (no amulet)
Stlth   +            (no ring)
HPRegen 1.05/turn    (no ring)
MPRegen 0.08/turn

%: no passive effects
@: beast-form, corroded
A: beast (slay +1), large, unfitting armour, claws 3, regeneration 1, shaggy fur
1, tough skin 1
a: Begin Untransformation


You were on level 1 of the Dungeon.
You were a hulking beast.
You visited 1 branch of the dungeon, and saw 1 of its levels.

You collected 13 gold pieces.

Inventory:

Armour
 a - a +0 animal skin (worn)
Talismans
 c - a beast talisman (active)
 d - a flux talisman
Scrolls
 e - a scroll of noise {unknown}
 f - a scroll of identify {unknown}
 g - a scroll of teleportation {unknown}
Potions
 b - a potion of lignification {!q}


   Skills:
 + Level 1.6 Fighting
 - Level 1.5 Dodging
 * Level 1.4 Stealth
 + Level 3.5 Unarmed Combat
 - Level 3.0 Shapeshifting


You had 2 spell levels left.
You didn't know any spells.
Your spell library was empty.

Dungeon Overview and Level Annotations

Branches:
Dungeon (1/15)

Altars:


Innate Abilities, Weirdness & Mutations

You are a hulking beast.
Your limbs bulge with bestial killing power. (Slay +1)
You are too large for most types of armour.
You have claws for hands.
Your natural rate of healing is unusually fast.
You are covered in fur. (AC +1)
You have tough skin. (AC +1)


Message History

Found a stone staircase leading down.
A goblin comes into view. It is wielding a +0 club.
The goblin shouts!
A goblin is nearby!
You barely miss the goblin. The goblin hits you with a +0 club.
You take 1 damage, and have 26/27 hp.
You barely miss the goblin. The goblin completely misses you.
Health restored: 27 You claw the goblin!
No target in view!
Things that are here:
a +0 club; a goblin corpse
There is a stone staircase leading down here.
You see here a +0 ring mail.
You see here a +0 ring mail.
You see here 4 large rocks {!d}.
A quokka comes into view.
A quokka is nearby!
The quokka barely misses you.
You claw the quokka!
No target in view!
No target in view!
You see here a quokka corpse.
You see here a quokka corpse.
You see here a +0 ring mail.
You see here a +0 whip.
You open the door.
There is an open door here.
There is a staircase leading out of the dungeon here.
The jackal barks!
The endoplasm quivers.
The jackal barks!
The jelly quivers.
Could not explore, unopened runed door.
Could not explore, unopened runed door.
You open the door. You open the door. The giant cockroach bites you.
You take 1 damage, and have 26/27 hp.
Health restored: 27 The giant cockroach attacks as it pursues you!
The giant cockroach bites you.
You take 2 damage, and have 25/27 hp.
The giant cockroach closely misses you.
There is a fountain of clear blue water here.
Health restored: 27
There is an open door here.
The giant cockroach attacks as it pursues you!
The giant cockroach closely misses you.
You barely miss the giant cockroach.
The giant cockroach bites you but does no damage.
You claw the giant cockroach!
You have reached level 3!
Your experience leads to an increase in your attributes!
Increase (s)trength, (i)ntelligence, or (d)exterity?
You feel clever. x2; You feel stronger.
Health restored: 33; MP restored: 2 You claw the jelly!
The acid corrodes you!
Your claws burn!
You claw the jelly!
You take 4 damage, and have 29/33 hp.
The rat bites you.
You scratch the rat. The rat barely misses you.
You scratch the rat but do no damage. The rat closely misses you.
You claw the rat! You barely miss the endoplasm.
The endoplasm barely misses you.
Health restored: 33 You claw the endoplasm!
You barely miss the jackal. The jackal closely misses you.
The jackal bites you.
You take 1 damage, and have 32/33 hp.
You closely miss the jackal. The jackal bites you.
You take 1 damage, and have 31/33 hp.
You claw the jackal! You barely miss the rat. The rat bites you.
You take 2 damage, and have 30/33 hp.
You barely miss the rat. The rat bites you.
You scratch the rat but do no damage. The rat bites you.
You take 1 damage, and have 29/33 hp.
You claw the rat! The jackal bites you.
You take 2 damage, and have 27/33 hp.
You scratch the jackal. The jackal bites you.
You take 2 damage, and have 25/33 hp.
You claw the jackal! You claw the giant cockroach!
You are no longer corroded.
You claw the jelly!
Your claws burn!
The jelly hits you. The acid corrodes you!
You are splashed with acid!
You take 13 damage, and have 14/33 hp.
MASSIVE DAMAGE!!
You are too injured to fight recklessly!
You are too injured to fight recklessly!
You are too injured to fight recklessly!
You are too injured to fight recklessly!
You are too injured to fight recklessly!
You are too injured to fight recklessly!
You are too injured to fight recklessly!
You are too injured to fight recklessly!
You scratch the jelly.
Your claws burn!
* * * LOW HITPOINT WARNING * * *
The jelly hits you.
* * * LOW HITPOINT WARNING * * *
The acid corrodes you!
You are splashed with acid!
You die...

#.#### #....###############.
#....# #....#....rBhJ.....#.
####.# #.#..#...JrBhr.....#.
#.# #.##.# :..J.rhBr...#.
#.######.##.#######J#######.
####.#.........#...r.J.......#.
#....#.#######rr⌠....###....⌠+.
#.####.# #J#......<......#. #.#
#.# #h#..⌠...>...⌠..#. #.# #.#
#.###'#######'###. #.# #.#
#................. #.# #.#
##......##.####### ###.####.#
#..##.####.# # .........#
#..##..# #.### # #######..#
###..###.###...##### #
#..#####....# #.#.......... #
#...........###.#.###.#####


You could see a jelly and 2 rats.

Vanquished Creatures
  A jelly (D:1)
  2 dart slugs (D:1)
  3 endoplasms (D:1)
  2 giant cockroaches (D:1)
  3 goblins (D:1)
  5 hobgoblins (D:1)
  2 jackals (D:1)
  2 quokkas (D:1)
  2 bats (D:1)
  A frilled lizard (D:1)
  2 kobolds (D:1)
  5 rats (D:1)
30 creatures vanquished.

Notes
Turn   | Place    | Note
-------+----------+-------------------------------------------
     0 | D:1      | IndexError the Troll Shapeshifter began the quest for the
                  | Orb.
     0 | D:1      | Reached XP level 1. HP: 18/18 MP: 0/0
     3 | D:1      | Noticed a jelly
     4 | D:1      | Found a runed translucent door.
     5 | D:1      | Noticed a jelly
    40 | D:1      | Reached skill level 1 in Fighting
    56 | D:1      | Reached XP level 2. HP: 27/27 MP: 1/1
   397 | D:1      | Reached skill level 1 in Stealth
   690 | D:1      | Reached XP level 3. HP: 33/33 MP: 2/2
   708 | D:1      | HP: 8/33 [jelly (2)]
   708 | D:1      | Splashed by a jelly's acid

Illustrated notes

Levels and vault maps discovered:
D:1:      dpeg_arrival_caged_fury, layout_loops_ring, minmay_close_crescents

Skill      XL: |  1  2 |
---------------+-------+-----
Fighting       | 1 |  1.6
Stealth        | 1 |  1.4
Dodging        | |  1.5
Unarmed Combat | |  3.5
Shapeshifting  | |  3.0

Action                     || total
---------------------------++-------
  Melee: Unarmed           ||    62
         Punch             ||     1
 Armour: Animal skin       ||    32
  Dodge: Dodged            ||    19

Table legend: (Time is in decaauts)
 A = Elapsed time spent in this place.
 B = Non-inter-level travel time spent in this place.
 C = Inter-level travel time spent in this place.
 D = Time resting spent in this place.
 E = Time spent auto-exploring this place.
 F = Levels seen in this place.
 G = Mean time per level.
                   A        B        C        D        E       F      G
               +--------+--------+--------+--------+--------+-----+--------+
         Total |    704 |    704 |      0 |      0 |    573 |   1 |  704.0 |
       Dungeon |    704 |    704 |      0 |      0 |    573 |   1 |  704.0 |
               +--------+--------+--------+--------+--------+-----+--------+

Top non-repeatable levels by time:
     D:1: 704 daAuts

Levels and vault maps discovered:
D:1:      dpeg_arrival_caged_fury, layout_loops_ring, minmay_close_crescents

Table legend: (Time is in decaauts)
 A = Elapsed time spent in this place.
 B = Non-inter-level travel time spent in this place.
 C = Inter-level travel time spent in this place.
 D = Time resting spent in this place.
 E = Time spent auto-exploring this place.
 F = Levels seen in this place.
 G = Mean time per level.
                   A        B        C        D        E       F      G
               +--------+--------+--------+--------+--------+-----+--------+
         Total |    704 |    704 |      0 |      0 |    573 |   1 |  704.0 |
       Dungeon |    704 |    704 |      0 |      0 |    573 |   1 |  704.0 |
               +--------+--------+--------+--------+--------+-----+--------+

Top non-repeatable levels by time:
     D:1: 704 daAuts

Table legend:
 A = Kills in this place as a percentage of kills in the entire game.
 B = Kills by you in this place as a percentage of kills by you in the entire game.
 C = Kills by friends in this place as a percentage of kills by friends in the entire game.
 D = Other kills in this place as a percentage of other kills in the entire game.
 E = Experience gained in this place as a percentage of experience gained in the entire game.
 F = Experience gained in this place divided by the number of levels of this place that you have seen.
                   A       B       C       D       E      F
               +-------+-------+-------+-------+-------+----------------------
         Total | 100.0 | 100.0 |   N/A |   N/A | 100.0 |  95.0
       Dungeon | 100.0 | 100.0 |   N/A |   N/A | 100.0 |  95.0
               +-------+-------+-------+-------+-------+----------------------
